 Dungeon Crawl Stone Soup version 0.31-a0-263-ge8cad7f256 (webtiles) character file.

Game seed: 10557518757287179776

199 qw the Shooter (level 5, -2/30 HPs)
             Began as a Gargoyle Hexslinger on July 13, 2023.
             Slain by Pikel
             ... wielding a +2 whip of freezing
              (8 damage)
             ... on level 5 of the Dungeon.
             The game lasted 00:01:16 (5363 turns).

qw the Shooter (Gargoyle Hexslinger)                Turns: 5363, Time: 00:01:17

Health: -2/30      AC: 12    Str: 11    XL:     5   Next: 77%
Magic:  6/6        EV: 12    Int: 14    God:
Gold:   259        SH:  0    Dex: 14    Spells: 5/6 levels left

rFire   . . .        Y - +1 sling (chaos)
rCold   . . .        (no shield)
rNeg    + . .        c - +0 robe
rPois   inf          k - +0 helmet
rElec   +            a - +0 cloak
rCorr   .            l - +2 pair of gloves
SInv    .            j - +0 pair of boots
Will    .....        (no amulet)
Stlth   +            (no ring)
HPRegen 0.25/turn    (no ring)
MPRegen 0.10/turn

%: no passive effects
@: no status effects
A: sickness immunity, AC +4, negative energy resistance 1, electricity
resistance, torment resistance 1, petrification resistance
a: no special abilities


You were on level 5 of the Dungeon.
You visited 2 branches of the dungeon, and saw 6 of its levels.

You collected 259 gold pieces.


Innate Abilities, Weirdness & Mutations

You are immune to sickness and miasma.
Your stone body is resilient. (AC +4)
You are immune to poison.
You resist negative energy. (rN+)
You are resistant to electric shocks. (rElec)
You are resistant to unholy torment.
You are immune to petrification.


   Skills:
 + Level 2.2 Fighting
 - Level 5.0 Ranged Weapons
 - Level 2.1 Armour
 - Level 1.5 Dodging
 - Level 1.0 Spellcasting
 - Level 2.6 Hexes


You had 5 spell levels left.
You knew the following spells:

 Your Spells              Type           Power      Damage    Failure   Level
a - Slow                  Hex            32%        N/A       9%          1

Your spell library contained the following spells:

 Spells                   Type           Power      Damage    Failure   Level
 Inner Flame              Hex/Fire       4%         N/A       41%         3
 Portal Projectile        Hex/Tloc       8%         N/A       41%         3
 Cause Fear               Hex            4%         N/A       65%         4

Inventory:

Hand Weapons
 Y - a +1 sling of chaos (weapon)
Armour
 a - a +0 cloak (worn)
 c - a +0 robe (worn)
 j - a +0 pair of boots (worn)
 k - a +0 helmet (worn)
 l - a +2 pair of gloves (worn)
Scrolls
 e - a scroll of identify
Potions
 b - a potion of heal wounds {unknown}
 d - a potion of brilliance {unknown}
 f - a potion of lignification {unknown}
 g - a potion of haste {unknown}
 h - a potion of mutation {unknown}
 i - a potion of curing {unknown}
 n - a potion of degeneration {unknown}

Dungeon Overview and Level Annotations

Branches:
Dungeon (5/15)             Temple (1/1) D:4

Altars:
Ashenzari
Cheibriados
Dithmenos
Elyvilon
Fedhas
Gozag
Kikubaaqudgha
Makhleb
Nemelex Xobeh
Qazlal
Ru
Sif Muna
Trog
Uskayaw
Vehumet
Wu Jian
Xom
Yredelemnul
Zin
The Shining One

Annotations:
D:3 2 runed translucent doors
D:5 Pikel


Message History

Pikel is wielding a +2 whip of freezing.
The lemure shouts! x2; Pikel shouts!
You shoot a sling bullet.
The sling bullet hits the lemure but does no damage.
A lemure comes into view.
You shoot a sling bullet.
The sling bullet closely misses the lemure.
The lemure barely misses you.
You shoot a sling bullet. The sling bullet closely misses Pikel.
The sling bullet barely misses the lemure.
The sling bullet hits the lemure.
The lemure convulses.
The lemure is lightly wounded.
Pikel barely misses you. The lemure hits you but does no damage.
You shoot a sling bullet.
The sling bullet hits Pikel but does no damage.
Pikel seems to grow stronger.
Pikel hits you with a +2 whip of freezing.
Pikel freezes you. The lemure hits you.
You shoot a sling bullet. The sling bullet hits Pikel.
The sling bullet freezes Pikel.
Pikel is lightly wounded.
Pikel misses you. The lemure hits you.
You shoot a sling bullet. The sling bullet barely misses Pikel.
The sling bullet hits the lemure.
The sling bullet freezes the lemure.
The lemure is lightly wounded.
Pikel hits you with a +2 whip of freezing!
Pikel freezes you. The lemure hits you but does no damage.
Pikel hits you but does no damage. The lemure hits you.
You shoot a sling bullet. The sling bullet barely misses Pikel.
The sling bullet hits the lemure.
The lemure suddenly seems more resistant.
The lemure is moderately wounded.
Pikel barely misses you. The lemure barely misses you.
You shoot a sling bullet. The sling bullet hits Pikel.
You feel better.
Pikel is moderately wounded.
Pikel barely misses you. The lemure closely misses you.
You shoot a sling bullet. The sling bullet closely misses Pikel.
The sling bullet closely misses the lemure.
Pikel hits you with a +2 whip of freezing!
You die...

##.## #.# #.#
##'## ##...##
..#.....##
#........## #
#.........#5##...
+........@K5.....
#..).....5#5##...
##.......## #
##.<...## ##...##
##+#


You could see Pikel (strong) and 4 lemures.

Vanquished Creatures
  A howler monkey (D:4)
  An iguana (D:4)
  An orc wizard (D:4)
  3 adders
  2 worms
  2 dart slugs
  3 orcs (D:4)
  4 bats
  3 endoplasms
  3 giant cockroaches
  10 goblins
  7 hobgoblins
  2 jackals (D:1)
  A kobold (D:4)
  7 quokkas
  5 ball pythons
  5 frilled lizards
  2 rats
62 creatures vanquished.

Notes
Turn   | Place    | Note
-------+----------+-------------------------------------------
     0 | D:1      | qw the Gargoyle Hexslinger began the quest for the Orb.
     0 | D:1      | Reached XP level 1. HP: 12/12 MP: 2/2
     0 | D:1      | 0 ||| qw: Version: 0.3-a-52-g30416fa
     0 | D:1      | 0 ||| qw: Game counter: 7204
     0 | D:1      | 0 ||| qw: Melee chars always use a shield: true
     0 | D:1      | 0 ||| qw: God list: Okawaru
     0 | D:1      | 0 ||| qw: Allow faded altars: false
     0 | D:1      | 0 ||| qw: Do Orc after clearing Dungeon:15 true
     0 | D:1      | 0 ||| qw: Do second Lair branch before Depths: true
     0 | D:1      | 0 ||| qw: Lair rune preference: random
     0 | D:1      | 0 ||| qw: Goals: Normal
     0 | D:1      | 0 ||| PLANNING D:1-11
   112 | D:1      | Reached XP level 2. HP: 16/16 MP: 3/3
   384 | D:1      | Reached skill level 3 in Ranged Weapons
   748 | D:1      | 748 ||| DROPPING scarf of invisibility.
   749 | D:1      | 749 ||| UPGRADING to +0 pair of boots.
   754 | D:1      | 754 ||| UPGRADING to +0 helmet.
   759 | D:1      | 759 ||| UPGRADING to +0 pair of gloves.
   764 | D:1      | 764 ||| READING scroll labelled WUR HARCHONKO.
   765 | D:1      | 765 ||| READING 2 scrolls labelled TYEVATHRUAPP.
   766 | D:1      | 766 ||| READING scroll labelled CYMNIUMONN.
   770 | D:1      | 770 ||| READING scroll labelled ZOEMPEPN GORU.
   771 | D:1      | 771 ||| DROPPING scroll of poison.
   812 | D:2      | Found a faded altar of an unknown god.
   847 | D:2      | Reached XP level 3. HP: 17/21 MP: 4/4
  1604 | D:2      | 1604 ||| UPGRADING to +0 cloak.
  1609 | D:2      | 1609 ||| READING scroll labelled ORISAE PORO.
  1882 | D:3      | Reached XP level 4. HP: 26/26 MP: 5/5
  1893 | D:3      | Found a large runed translucent door.
  1894 | D:3      | Found a large runed translucent door.
  1940 | D:3      | Found a sacrificial altar of Ru.
  1940 | D:3      | Found a hide-covered altar of Uskayaw.
  2122 | D:3      | Reached skill level 4 in Ranged Weapons
  2494 | D:3      | 2494 ||| UPGRADING to +2 pair of gloves.
  2504 | D:3      | 2504 ||| DROPPING +0 pair of gloves.
  2505 | D:3      | 2505 ||| READING scroll labelled MUORHO XAKU.
  2566 | D:4      | Reached XP level 5. HP: 30/30 MP: 6/6
  2901 | D:4      | 2901 ||| STAIRDANCE
  2985 | D:4      | 2985 ||| STAIRDANCE
  3069 | D:4      | 3069 ||| STAIRDANCE
  3153 | D:4      | 3153 ||| STAIRDANCE
  3237 | D:4      | 3237 ||| STAIRDANCE
  3321 | D:4      | 3321 ||| STAIRDANCE
  3405 | D:4      | 3405 ||| STAIRDANCE
  3489 | D:4      | 3489 ||| STAIRDANCE
  3573 | D:4      | 3573 ||| STAIRDANCE
  3657 | D:4      | 3657 ||| STAIRDANCE
  3741 | D:4      | 3741 ||| STAIRDANCE
  3825 | D:4      | 3825 ||| STAIRDANCE
  3909 | D:4      | 3909 ||| STAIRDANCE
  3993 | D:4      | 3993 ||| STAIRDANCE
  4077 | D:4      | 4077 ||| STAIRDANCE
  4161 | D:4      | 4161 ||| STAIRDANCE
  4245 | D:4      | 4245 ||| STAIRDANCE
  4329 | D:4      | 4329 ||| STAIRDANCE
  4413 | D:4      | 4413 ||| STAIRDANCE
  4497 | D:4      | 4497 ||| STAIRDANCE
  4790 | D:4      | Found a staircase to the Ecumenical Temple.
  4791 | D:4      | 4791 ||| PLANNING TEMPLE
  4797 | Temple   | Entered the Ecumenical Temple
  4910 | Temple   | 4910 ||| PLANNING D:1-11
  5013 | D:4      | Identified the +4 flail of the Solstice {venom, rElec rN+
                  | Will- Stlth+}
  5195 | D:4      | Reached skill level 5 in Ranged Weapons
  5318 | D:4      | 5318 ||| READING scroll labelled CUOSOI NOSHRE.
  5334 | D:5      | Entered Level 5 of the Dungeon
  5354 | D:5      | Noticed Pikel
  5354 | D:5      | Noticed a lemure
  5354 | D:5      | Noticed a lemure
  5354 | D:5      | Noticed a lemure
  5355 | D:5      | Noticed a lemure
  5360 | D:5      | HP: 5/30 [Pikel/+2 whip of freezing (5)]
  5363 | D:5      | Slain by Pikel

Levels and vault maps discovered:
D:1:      evilmike_arrival_crescent, layout_loops_cross
D:2:      layout_basic, hellmonk_ecumenical_altar_heavens_door
D:3:      layout_basic, jmf_multi_god_temple2, grunt_temple_overflow_open
D:4:      layout_basic, minmay_temple_entry_mini_moons,
          hangedman_decor_clover_reticule
D:5:      layout_loops_corners, serial_shops, nicolae_shop_bloodbath_and_beyond,
          nicolae_shop_self_help, uniq_pikel
Temple:   nicolae_temple_two_arcs

Skill      XL: |  1  2  3  4  5 |
---------------+----------------+-----
Ranged Weapons | 3 4 5 |  5.0
Fighting       | 2 |  2.2
Armour         | 2 |  2.1
Dodging        | |  1.5
Spellcasting   | |  1.0
Hexes          | |  2.6

Action                     |  1- 3 |  4- 6 || total
---------------------------+-------+-------++-------
   Fire: Sling             |   125 |    75 ||   200
    Use: Scroll            |     5 |     2 ||     7
 Armour: Robe              |    17 |     8 ||    25
  Dodge: Dodged            |    28 |    27 ||    55

Table legend:
 A = Non-vault XP
 B = Vault XP
 C = Vault XP percentage of total XP
 D = Non-vault monster count
 E = Vault monster count
 F = Vault count percentage of total count
                 A         B        C        D         E       F
            +---------+---------+-------+---------+---------+-------
      Total |     285 |       0 |   0.0 |      62 |       0 |   0.0
            +---------+---------+-------+---------+---------+-------
        D:1 |      26 |       0 |   0.0 |      14 |       0 |   0.0
        D:2 |      40 |       0 |   0.0 |      17 |       0 |   0.0
        D:3 |      40 |       0 |   0.0 |      13 |       0 |   0.0
        D:4 |     179 |       0 |   0.0 |      18 |       0 |   0.0
            +---------+---------+-------+---------+---------+-------
